 Dungeon Crawl Stone Soup version 0.29-a0-330-g52719c12eb (webtiles) character file.

Game seed: 17346299133557821024

7219 vineage the Fighter (level 11, -9/76 HPs)
             Began as a Gargoyle Fighter on May 6, 2022.
             Was a Follower of Okawaru.
             Mangled by Sonja
             ... wielding a +1 dagger of distortion
              (13 damage)
             ... on level 10 of the Dungeon.
             The game lasted 00:12:44 (11815 turns).

vineage the Fighter (Gargoyle Fighter)             Turns: 11815, Time: 00:12:45

Health: -9/76      AC: 26    Str: 23    XL:     11   Next: 11%
Magic:  0/11       EV:  5    Int:  8    God:    Okawaru [*.....]
Gold:   587        SH: 10    Dex: 11    Spells: 10/10 levels left

rFire   + + .      SeeInvis .   q - +6 whip of Ambiguity {drain, rElec rF+ rC+}
rCold   + . .      Faith    .   j - +0 kite shield
rNeg    + . .      Spirit   +   p - +0 plate armour
rPois   ∞          Reflect  .   u - +1 hat
rElec   +          Harm     .   (no cloak)
rCorr   .          Rampage  .   k - +2 pair of gloves
Will    .....                   (no boots)
Stlth   ..........              g - amulet of guardian spirit
HPRegen 0.22/turn               s - ring of protection from fire
MPRegen 0.12/turn               n - ring of flight

@: flying, hasted, very quick
A: sickness immunity, AC +8, negative energy resistance 1, electricity
resistance, torment resistance 1, petrification resistance
a: Renounce Religion, Heroism


You were on level 10 of the Dungeon.
You worshipped Okawaru.
Okawaru was aware of your devotion.
You visited 2 branches of the dungeon, and saw 11 of its levels.
You visited the Abyss 1 time.

You collected 587 gold pieces.

Inventory:

Hand Weapons
 a - a +0 flail of freezing
 l - a +1 vorpal broad axe
 q - the +6 whip of Ambiguity (weapon) {drain, rElec rF+ rC+}
   (You found it on level 3 of the Dungeon)

   A truly terrible weapon, it drains the life of any living foe it strikes.
   rF:        It protects you from fire.
   rC:        It protects you from cold.
   rElec:     It insulates you from electricity.
Missiles
 b - 3 throwing nets (quivered)
Armour
 j - a +0 kite shield (worn)
 k - a +2 pair of gloves (worn)
 p - a +0 plate armour (worn)
 u - a +1 hat (worn)
Jewellery
 g - an amulet of guardian spirit (around neck)
 n - a ring of flight (right hand)
 s - a ring of protection from fire (left hand)
Wands
 c - a wand of paralysis (10)
 x - a wand of flame (18)
 y - a wand of digging (14)
 D - a wand of polymorph (7)
Scrolls
 d - a scroll of amnesia
 e - 8 scrolls of teleportation
 o - 2 scrolls of identify
 r - 2 scrolls of fear
 v - a scroll of blinking
 C - a scroll of immolation
Potions
 f - 4 potions of curing
 h - 6 potions of attraction
 i - 3 potions of haste
 m - 3 potions of flight
 t - 3 potions of cancellation
 w - a potion of resistance
 z - a potion of lignification
 A - a potion of magic


   Skills:
 * Level 11.9 Fighting
 - Level 2.7(5.1) Axes
 + Level 7.3(7.6) Maces & Flails
 + Level 8.9 Armour
 + Level 8.8 Shields


You had 10 spell levels left.
You didn't know any spells.
Your spell library contained the following spells:

 Spells                   Type           Power      Damage    Failure   Level
 Slow                     Hex            0%         N/A       100%        1
 Corpse Rot               Necr/Air       0%         N/A       100%        2
 Confusing Touch          Hex            0%         N/A       100%        3
 Stone Arrow              Conj/Erth      0%         3d7       100%        3
 Vampiric Draining        Necr           0%         2d6       100%        3
 Dispel Undead            Necr           0%         3d6       100%        4
 Passage of Golubria      Tloc           0%         N/A       100%        4
 Yara's Violent Unravell  Hex/Tmut       0%         3d3       100%        5
 Lehudib's Crystal Spear  Conj/Erth      0%         10d2      100%        8
 Tukima's Dance           Hex            Unusable   N/A       N/A         3
 Animate Armour           Summ/Erth      Unusable   N/A       N/A         4
 Death Channel            Necr           Unusable   N/A       N/A         6

Dungeon Overview and Level Annotations

Branches:
Dungeon (10/15)            Temple (1/1) D:5
   Lair: D:8-11         Orc: D:9-12

Altars:
Ashenzari
Cheibriados
Dithmenos
Elyvilon
Fedhas
Gozag
Hepliaklqana
Kikubaaqudgha
Makhleb
Nemelex Xobeh
Okawaru
Qazlal
Ru
Sif Muna
Trog
Uskayaw
Vehumet
Wu Jian
Xom
Yredelemnul
Zin
The Shining One
Beogh

Shops:
D:3 (   D:4 [   D:5 :   D:8 (

Annotations:
D:10 Sonja


Innate Abilities, Weirdness & Mutations

You are immune to sickness and miasma.
Your stone body is resilient. (AC +8)
You are immune to poison.
You resist negative energy. (rN+)
You are resistant to electric shocks. (rElec)
You are resistant to unholy torment.
You are immune to petrification.


Message History

Sonja is lightly wounded.
Sonja hits you but does no damage. Space warps horribly around you!
Sonja hits you but does no damage. You block Sonja's attack.
You barely miss Sonja.
Sonja is lightly wounded.
Sonja mumbles some strange words.
Sonja blinks!
Sonja throws a curare-tipped dart.
The curare-tipped dart hits you.
You feel better.
Sonja plants her feet in a plie.
Sonja throws a curare-tipped dart.
You block the curare-tipped dart. Sonja hits you but does no damage.
You are cast into the Abyss!
This branch contains the abyssal rune of Zot.
Found a gateway leading deeper into the Abyss.
Found a gateway leading out of the Abyss.
There is a gateway leading out of the Abyss here.
You pass through the gate.
Welcome back to the Dungeon!
Level annotation: Sonja Sonja hits you but does no damage.
Sonja hits you with a +1 dagger of distortion.
Sonja hits you but does no damage. Space warps horribly around you!!
You block Sonja's attack. x2; Sonja hits you but does no damage.
Space warps horribly around you!
You feel much better. Sonja hits you but does no damage.
Space warps horribly around you! Sonja hits you but does no damage.
Sonja barely misses you. Sonja hits you but does no damage.
Space warps around you. Sonja hits you but does no damage.
Space warps horribly around you! Sonja hits you but does no damage.
Space warps around you.
You feel yourself speed up. Sonja hits you but does no damage.
Space warps around you.
* * * LOW HITPOINT WARNING * * *
Sonja barely misses you. Sonja hits you but does no damage.
You miss Sonja. Sonja hits you but does no damage.
Space warps horribly around you!!
* * * LOW HITPOINT WARNING * * *
Sonja hits you but does no damage. Space warps horribly around you!
You die...

###≈....#..#
.#≈....#..# #
.≈....#..# .#
#≈.......# ..###
#####≈.......##.<$..
≈≈≈≈≈≈..K........#
.........K##.....#
#.##..#...##.##..#
#.....[g..##@##..#
#.........##K##..#
#.........##[##..#
#.
#..####.g.##)##..# #
#.. ..
#...##)##..#####.#
.. .
#....))##........# .
#......##.<....... #
#......##.........
#......##..####...


You could see Sonja.

Vanquished Creatures
  2 two-headed ogres (D:9)
  Nergalle (D:10)
  Maggie (D:7)
  A gargoyle (D:10)
  2 trolls
  A wyvern (D:8)
  A vampire (D:10)
  A wraith (D:9)
  A steam dragon (D:7)
  2 acid dragons (D:9)
  Duvessa (D:7)
  6 orc warriors
  A black bear (D:8)
  An ogre (D:2)
  3 centaurs
  2 kobold brigands
  4 bullfrogs
  2 necrophages
  2 gnoll sergeants
  3 scorpions
  14 wights
  Dowan (D:7)
  3 killer bees (D:8)
  4 hounds
  3 jellies
  An orc priest (D:8)
  A gnoll shaman (D:6)
  5 iguanas
  8 orc wizards
  A mummy (D:5)
  11 gnolls
  9 adders
  2 white imps
  An ufetubus (D:5)
  A worm (D:2)
  3 dart slugs
  30 orcs
  5 ball pythons
  5 bats
  10 endoplasms
  2 giant cockroaches
  14 goblins
  4 hobgoblins
  3 jackals (D:3)
  A quokka (D:2)
  3 training dummies (D:8)
  4 frilled lizards
  16 kobolds
  5 rats
208 creatures vanquished.

Vanquished Creatures (others)
  2 fungi (D:3)
  2 plants (D:3)
4 creatures vanquished.

Grand Total: 212 creatures vanquished

Notes
Turn   | Place    | Note
-------+----------+-------------------------------------------
     0 | D:1      | vineage the Gargoyle Fighter began the quest for the Orb.
     0 | D:1      | Reached XP level 1. HP: 14/14 MP: 1/1
   182 | D:1      | Reached XP level 2. HP: 15/19 MP: 2/2
   492 | D:1      | Reached XP level 3. HP: 19/23 MP: 3/3
   899 | D:1      | Found a faded altar of an unknown god.
  1279 | D:2      | Reached skill level 1 in Axes
  1357 | D:2      | Reached skill level 4 in Fighting
  1357 | D:2      | Reached XP level 4. HP: 29/29 MP: 4/4
  1910 | D:3      | Found Jocsiedy's Weapon Shoppe.
  1965 | D:3      | Reached XP level 5. HP: 32/34 MP: 5/5
  2087 | D:3      | Noticed an ogre
  2404 | D:2      | Killed an ogre
  2405 | D:2      | Reached skill level 5 in Fighting
  2405 | D:2      | Reached XP level 6. HP: 6/40 MP: 6/6
  2729 | D:3      | Found an ornate altar of the Wu Jian Council.
  2783 | D:3      | Found a burning altar of Makhleb.
  2894 | D:3      | Identified the +6 whip of Ambiguity {drain, rElec rF+ rC+}
  3127 | D:4      | Found Oqob's Antique Armour Emporium.
  3428 | D:4      | Reached XP level 7. HP: 43/44 MP: 7/7
  3584 | D:5      | Entered Level 5 of the Dungeon
  3584 | D:5      | Found Gigooniv's Book Emporium.
  3711 | D:5      | Reached skill level 6 in Fighting
  3852 | D:5      | Reached skill level 5 in Shields
  3906 | D:5      | Reached skill level 5 in Armour
  4033 | D:5      | Found a staircase to the Ecumenical Temple.
  4049 | Temple   | Entered the Ecumenical Temple
  4407 | D:5      | Found a snail-covered altar of Cheibriados.
  4793 | D:6      | Reached XP level 8. HP: 49/52 MP: 8/8
  4855 | D:6      | Reached skill level 7 in Fighting
  5874 | D:6      | Reached skill level 8 in Fighting
  5986 | D:6      | Reached XP level 9. HP: 59/59 MP: 9/9
  6549 | D:7      | Reached skill level 5 in Maces & Flails
  6560 | D:7      | Noticed Maggie
  6575 | D:7      | Killed Maggie
  6576 | D:7      | Reached skill level 9 in Fighting
  6660 | D:7      | Found a shimmering altar of Xom.
  6969 | D:7      | Found a hide-covered altar of Uskayaw.
  7154 | D:7      | Noticed Duvessa
  7154 | D:7      | Noticed Dowan
  7162 | D:7      | Killed Duvessa
  7169 | D:7      | Killed Dowan
  7906 | D:8      | Reached XP level 10. HP: 62/68 MP: 10/10
  7910 | D:8      | Reached skill level 10 in Fighting
  8248 | D:8      | Found a stormy altar of Qazlal.
  8248 | D:8      | Found an opulent altar of Gozag.
  8312 | D:8      | Found Ofam's Firing Range.
  8524 | D:9      | Noticed a two-headed ogre
  8536 | D:9      | Noticed a two-headed ogre
  8545 | D:9      | Killed a two-headed ogre
  8564 | D:9      | Killed a two-headed ogre
  8568 | D:9      | HP: 2/68 [orc priest/divine providence (11)]
  9577 | D:8      | Reached skill level 11 in Fighting
 10111 | D:9      | Found a bloodstained altar of Trog.
 10276 | D:9      | Found an iron altar of Okawaru.
 10354 | D:9      | Became a worshipper of Warmaster Okawaru
 10578 | D:10     | Entered Level 10 of the Dungeon
 10645 | D:10     | Noticed Nergalle
 10665 | D:10     | Killed Nergalle
 10665 | D:10     | Reached * piety under Okawaru
 10686 | D:10     | Noticed a gargoyle
 10721 | D:9      | Reached XP level 11. HP: 18/76 MP: 5/11
 11717 | D:10     | Noticed Sonja
 11775 | D:10     | Cast into level 1 of the Abyss (Sonja)
 11812 | D:10     | Escaped the Abyss
 11815 | D:10     | Mangled by Sonja

Illustrated notes

Levels and vault maps discovered:
D:1:      amcnicky_arrival_double_pillar, layout_loops_ring,
          dreamdust_ecumenical_altar_statues, minmay_pentomino_o4
D:2:      layout_basic
D:3:      layout_rooms, lemuel_coloured_pillars_altar,
          mainiacjoe_overflow_boulevard, serial_shops, nicolae_shop_stone,
          minmay_increasing_density
D:4:      layout_basic, serial_shops, nicolae_shop_waterfront,
          nicolae_concentric_dashed_squares_wild
D:5:      layout_basic, slow_altar_1, temple_green, kennysheep_doodads,
          nicolae_stop_n_shop_2, kennysheep_generic_room_15
D:6:      layout_basic, kennysheep_generic_room_14
D:7:      layout_rooms, mainiacjoe_overflow_swirl, minmay_tree_intersection,
          uniq_duvessa, uniq_maggie
D:8:      layout_rooms, gammafunk_temple_overflow_pools,
          nicolae_shop_firing_range
D:9:      layout_rooms, mainiacjoe_overflow_paths, kennysheep_mini_moat,
          special_room [special_room_orc]
D:10:     layout_long_grid, enter_bailey_3, dk_noncrumbling_2, uniq_harold,
          uniq_sonja, uniq_nergalle
Temple:   oiseaux_autumnal_temple

Skill      XL: |  1  2  3  4  5  6  7  8  9 10 |
---------------+-------------------------------+-----
Axes           | 1 2 |  2.7
Fighting       | 4 5 6 8 9 11 | 11.9
Shields        | 4 5 6 7 8 |  8.8
Armour         | 4 5 6 7 8 |  8.9
Maces & Flails | 3 4 5 7 |  7.3

Action                   |  1- 3 |  4- 6 |  7- 9 | 10-12 || total
-------------------------+-------+-------+-------+-------++-------
Melee: Flail             |    25 |       |       |       ||    25
       Broad axe         |    63 |    73 |       |       ||   136
       Whip              |       |    27 |   352 |   315 ||   694
  Use: Scroll            |     5 |     5 |    10 |     1 ||    21
       Potion            |       |     1 |     3 |     7 ||    11
Armor: Scale mail        |    45 |       |       |       ||    45
       Plate armour      |     4 |    88 |   234 |   258 ||   584
Dodge: Dodged            |    50 |    35 |    95 |    67 ||   247
Block: Buckler           |    25 |    23 |    82 |       ||   130
       Kite shield       |       |       |    12 |   180 ||   192

Table legend: (Time is in decaauts)
 A = Elapsed time spent in this place.
 B = Non-inter-level travel time spent in this place.
 C = Inter-level travel time spent in this place.
 D = Time resting spent in this place.
 E = Time spent auto-exploring this place.
 F = Levels seen in this place.
 G = Mean time per level.
                   A        B        C        D        E       F      G
               +--------+--------+--------+--------+--------+-----+--------+
         Total |  11811 |  11400 |    411 |   3452 |   6058 |  12 |  984.2 |
       Dungeon |  11543 |  11174 |    369 |   3452 |   5880 |  10 | 1154.3 |
        Temple |    231 |    189 |     42 |      0 |    178 |   1 |  231.0 |
         Abyss |     36 |     36 |      0 |      0 |      0 |   1 |   36.0 |
               +--------+--------+--------+--------+--------+-----+--------+

Top non-repeatable levels by time:
     D:8: 1597 daAuts
     D:9: 1574 daAuts
     D:7: 1534 daAuts
     D:6: 1465 daAuts
     D:2: 1447 daAuts
     D:1: 983 daAuts
     D:5: 948 daAuts
    D:10: 758 daAuts
     D:3: 734 daAuts
     D:4: 500 daAuts
  Temple: 231 daAuts
 Abyss:1: 36 daAuts
